 Dungeon Crawl Stone Soup version 0.31-a0-986-g5e6e4ef867 (webtiles) character file.

Game seed: 3036503526219111852

949 dialectric the Cudgeller (level 8, -8/51 HPs)
             Began as a Gargoyle Fighter on Nov 24, 2023.
             Mangled by an orc warrior
             ... wielding a +0 mace
              (10 damage)
             ... on level 5 of the Dungeon.
             The game lasted 00:04:59 (4383 turns).

dialectric the Cudgeller (Gargoyle Fighter)         Turns: 4383, Time: 00:05:00

Health: -8/51      AC: 14    Str: 20 (21) XL:     8   Next: 13%
Magic:  17/17      EV:  9    Int:  8      God:
Gold:   187        SH:  0    Dex: 11      Spells: 7/7 levels left

rFire   . . .        a - +0 flail
rCold   . . .        (no shield)
rNeg    + . .        b - +0 scale mail
rPois   ∞            (helmet restricted)
rElec   +            (no cloak)
rCorr   .            z - +0 pair of gloves
SInv    .            (no boots)
Will    .....        (no amulet) Stlth
                     o - ring of magical power
HPRegen 0.28/turn    (no ring)
MPRegen 0.15/turn

%: no passive effects
@: attractive, hasted, studying Summonings, very quick
A: sickness immunity, AC +5, negative energy resistance 1, electricity
resistance, torment resistance 1, petrification resistance, horns 1,
deterioration 1
a: no special abilities


You were on level 5 of the Dungeon.
You visited 1 branch of the dungeon, and saw 5 of its levels.

You collected 187 gold pieces.

Inventory:

Hand Weapons
 a - a +0 flail (weapon)
 d - a +0 antimagic battleaxe
Missiles
 f - 2 javelins (quivered)
 y - 8 poisoned darts
Armour
 b - a +0 scale mail (worn)
 c - a +0 buckler
 z - a +0 pair of gloves (worn)
Jewellery
 o - a ring of magical power (left hand)
 s - an amulet of reflection
Wands
 u - a wand of flame (31)
Scrolls
 e - a scroll of revelation {unknown}
 g - a scroll of noise
 h - 4 scrolls of identify
 i - a scroll of poison {unknown}
 k - 2 scrolls of amnesia {unknown}
 n - a scroll of vulnerability {unknown}
 q - 3 scrolls of fear {unknown}
 r - 2 scrolls of teleportation {unknown}
 v - 3 scrolls of immolation {unknown}
 w - 2 scrolls of butterflies {unknown}
Potions
 l - 3 potions of brilliance
 m - a potion of haste
 p - 3 potions of enlightenment
 t - 2 potions of mutation
 x - 2 potions of resistance


   Skills:
 + Level 5.9 Fighting
 * Level 6.7 Maces & Flails
 + Level 5.9 Armour
 - Level 3.2 Shields


You had 7 spell levels left.
You didn't know any spells.
Your spell library contained the following spells:

 Spells                   Type           Power      Damage    Failure   Level
 Foxfire                  Conj/Fire      0%         2x1d4     75%         1
 Sandblast                Erth           0%         2d4       75%         1
 Passwall                 Tmut/Erth      0%         N/A       86%         2
 Scorch                   Fire           0%         2d5       86%         2
 Stone Arrow              Conj/Erth      0%         3d7       98%         3
 Brom's Barrelling Bould  Conj/Erth      0%         2d3       100%        4
 Flame Wave               Conj/Fire      0%         2d4       100%        4
 Plasma Beam              Fire/Air       0%         2x1d10    100%        6
 Starburst                Conj/Fire      0%         6d3       100%        6
 Summon Cactus Giant      Summ           0%         N/A       100%        6


Dungeon Overview and Level Annotations

Branches:
Dungeon (5/15)
 Temple: D:4-7

Altars:
Elyvilon
Fedhas
Sif Muna
Wu Jian

Shops:
D:1 =


Innate Abilities, Weirdness & Mutations

You are immune to sickness and miasma.
Your stone body is resilient. (AC +5)
You are immune to poison.
You resist negative energy. (rN+)
You are resistant to electric shocks. (rElec)
You are resistant to unholy torment.
You are immune to petrification.
You have a pair of small horns on your head.
Your body sometimes deteriorates upon taking damage.


Message History

The orc warrior hits you with a +0 mace!
* * * LOW HITPOINT WARNING * * *
The orc warrior is attracted toward you.
The orc warrior attacks as it pursues you!
The orc warrior hits you but does no damage.
The orc attacks as it pursues you! The orc hits you but does no damage.
The orc warrior is attracted toward you.
The orc warrior attacks as it pursues you!
The orc warrior hits you with a +0 mace.
* * * LOW HITPOINT WARNING * * *
The orc warrior is attracted toward you.
The orc is attracted toward you.
The orc warrior attacks as it pursues you!
The orc warrior hits you but does no damage.
The orc warrior attacks as it pursues you!
The orc warrior hits you with a +0 mace.
* * * LOW HITPOINT WARNING * * *
The orc is attracted toward you.
Okay, then.
Okay, then.
As you read the scroll labelled TELLIE AWOS, it crumbles to dust.
You hear a loud clanging noise!
It was a scroll of noise.
Unknown command.
Unknown command.
The orc warrior is attracted toward you.
The orc is attracted toward you.
The orc warrior attacks as it pursues you!
The orc warrior hits you but does no damage.
The orc is attracted toward you.
The orc warrior is attracted toward you.
The orc warrior attacks as it pursues you!
The orc warrior hits you with a +0 mace.
* * * LOW HITPOINT WARNING * * *
The orc is attracted toward you.
The orc warrior is attracted toward you.
The orc is attracted toward you.
The orc warrior attacks as it pursues you!
The orc warrior hits you with a +0 mace!
You die...

..####...........................
..##..........##.................
..###.#......###..>...##.........
..###.#.......###.....###........
..............###.......##...##..
..###......#.............#....#..
..##..##..##........###..........
.......#..##..##..#.#..........##
.......#.###.##.@.#............##
§.§§§.....<..###o.#...#.....^...÷
.......##§.§.##..###.##..........
.......###..§.§o..##..#.>.......#
.......##.....§.................#
.......###...#####............##.
........#......##.............#..
..............###.###............
.###..............###...........#


You could see an orc warrior and an orc.

Vanquished Creatures
  Grinder (D:3)
  A steam dragon (D:4)
  A black bear (D:4)
  A phantom (D:5)
  2 scorpions (D:5)
  2 hounds (D:5)
  A jelly (D:4)
  An orc priest (D:5)
  A sleepcap (D:4)
  An iguana (D:5)
  3 adders
  4 gnolls
  3 worms
  2 dart slugs
  10 orcs
  7 bats
  6 endoplasms
  5 giant cockroaches
  5 goblins
  9 hobgoblins
  9 kobolds
  5 quokkas
  3 ball pythons
  6 frilled lizards
  4 rats
93 creatures vanquished.

Notes
Turn   | Place    | Note
-------+----------+-------------------------------------------
     0 | D:1      | dialectric the Gargoyle Fighter began the quest for the
                  | Orb.
     0 | D:1      | Reached XP level 1. HP: 14/14 MP: 1/1
   243 | D:1      | Reached XP level 2. HP: 17/19 MP: 2/2
   499 | D:1      | Found Nadd's Jewellery Shop.
  1151 | D:2      | Reached XP level 3. HP: 23/23 MP: 3/3
  1382 | D:2      | Found a faded altar of an unknown god.
  1425 | D:2      | Reached skill level 3 in Maces & Flails
  1490 | D:2      | Found a white marble altar of Elyvilon.
  1875 | D:3      | Found an ornate altar of the Wu Jian Council.
  1976 | D:3      | Noticed Grinder
  1991 | D:3      | Paralysed by Grinder for 3 turns
  1999 | D:3      | Killed Grinder
  2000 | D:3      | Reached skill level 4 in Maces & Flails
  2000 | D:3      | Reached XP level 4. HP: 20/30 MP: 4/4
  2000 | D:3      | Reached XP level 5. HP: 23/34 MP: 5/5
  2000 | D:3      | Reached XP level 6. HP: 27/39 MP: 6/6
  2312 | D:3      | Gained mutation: Your body sometimes deteriorates upon
                  | taking damage. [potion of mutation]
  2312 | D:3      | Gained mutation: You have a pair of small horns on your
                  | head. [potion of mutation]
  2765 | D:4      | Noticed a black bear
  2779 | D:4      | Killed a black bear
  2780 | D:4      | Reached skill level 5 in Maces & Flails
  3093 | D:4      | Reached skill level 5 in Fighting
  3251 | D:4      | Reached skill level 5 in Armour
  3251 | D:4      | Reached XP level 7. HP: 33/44 MP: 7/7
  3417 | D:4      | Noticed a steam dragon
  3427 | D:4      | Killed a steam dragon
  3831 | D:5      | Entered Level 5 of the Dungeon
  3852 | D:5      | Reached skill level 6 in Maces & Flails
  3999 | D:5      | Found a blossoming altar of Fedhas.
  4003 | D:5      | Found a shimmering blue altar of Sif Muna.
  4171 | D:5      | Reached XP level 8. HP: 38/51 MP: 8/8
  4381 | D:5      | HP: 1/51 [orc warrior/+0 mace (3)]
  4383 | D:5      | Mangled by an orc warrior

Illustrated notes

Levels and vault maps discovered:
D:1:      lemuel_arrival_muddy, layout_basic, serial_shops, nicolae_shop_stone
D:2:      layout_basic, basic_altar, shapermc_ecumenical_altar_ellora,
          minmay_misc_feat_diagonals
D:3:      layout_basic, nicolae_wu_jian_wuxing_cycle, uniq_grinder
D:4:      layout_loops_corners, serial_aquarium, aquarium_bridge_square
          [aquarium_subvault_wall, aquarium_subvault_window,
          aquarium_subvault_balcony, aquarium_subvault_bridge],
          aquarium_window_corner, aquarium_window_2, aquarium_window_1,
          aquarium_view_4, aquarium_view_2c, corexii_leaking_fountain,
          minmay_manual_mess
D:5:      layout_cave_pools, nicolae_sif_muna_condensation,
          mainiacjoe_overflow_concentric_impassable

Skill      XL: |  1  2  3  4  5  6  7 |
---------------+----------------------+-----
Maces & Flails | 4 5 6 |  6.7
Fighting       | 4 5 |  5.9
Armour         | 4 5 |  5.9
Shields        | |  3.2

Action                     |  1- 3 |  4- 6 |  7- 9 || total
---------------------------+-------+-------+-------++-------
  Melee: Flail             |   155 |    96 |   128 ||   379
         Punch             |     2 |     1 |     1 ||     4
         Headbutt          |       |    14 |    20 ||    34
    Use: Potion            |     1 |     1 |     4 ||     6
         Scroll            |       |     4 |     2 ||     6
 Armour: Scale mail        |   139 |    82 |   108 ||   329
  Dodge: Dodged            |    91 |    46 |    57 ||   194

Table legend: (Time is in decaauts)
 A = Elapsed time spent in this place.
 B = Non-inter-level travel time spent in this place.
 C = Inter-level travel time spent in this place.
 D = Time resting spent in this place.
 E = Time spent auto-exploring this place.
 F = Levels seen in this place.
 G = Mean time per level.
                   A        B        C        D        E       F      G
               +--------+--------+--------+--------+--------+-----+--------+
         Total |   4442 |   4372 |     70 |    119 |   3249 |   5 |  888.4 |
       Dungeon |   4442 |   4372 |     70 |    119 |   3249 |   5 |  888.4 |
               +--------+--------+--------+--------+--------+-----+--------+

Top non-repeatable levels by time:
     D:4: 1160 daAuts
     D:1: 1035 daAuts
     D:3: 854 daAuts
     D:2: 843 daAuts
     D:5: 549 daAuts
